 Dungeon Crawl Stone Soup version 0.17-a0-764-gd40c196 (webtiles) character file.

3179 inmateoo the Skirmisher (level 9, 0/49 HPs)
             Began as a Vine Stalker Necromancer on Apr 23, 2015.
             Was a Priest of Makhleb.
             Slain by a killer bee (5 damage)
             ... on level 8 of the Dungeon.
             The game lasted 00:13:47 (5647 turns).

inmateoo the Skirmisher (Vine Stalker Necromancer)  Turns: 5647, Time: 00:13:47

Health: 0/49       AC:  6    Str: 11    XL:     9   Next: 95%
Magic:  0/16       EV: 14    Int: 18    God:    Makhleb [***...]
Gold:   313        SH:  0    Dex: 15    Spells: 3 memorised, 9 levels left

rFire  . . .     SeeInvis .     g - +0 dagger (elec)
rCold  + . .     Clarity  .     a - +0 robe
rNeg   + . .     SustAb   .     (no shield)
rPois  .         Gourm    .     r - +0 helmet
rElec  .         Spirit   +     p - +0 cloak
rCorr  .         Warding  +     (no gloves)
rMut   .         Stasis   .     B - +0 pair of boots
MR     +....                    o - amulet of warding
Stlth  +++.......               m - ring of protection from cold
                                z - ring of invisibility

@: lethally poisoned (0 -> 0), about to teleport, very slightly contaminated,
regenerating, invisible, somewhat resistant to hostile enchantments, fairly
stealthy
A: fangs 3, regeneration 2, shaggy fur 1, magic shield, antimagic bite, no
device heal 3, rot immunity
a: Minor Destruction, Lesser Servant of Makhleb, Renounce Religion, Turn Visible


You were on level 8 of the Dungeon.
You worshipped Makhleb.
Makhleb was most pleased with you.
You were not hungry.

You visited 2 branches of the dungeon, and saw 9 of its levels.
You also visited: Sewer.

You collected 313 gold pieces.

Inventory:

Hand weapons
 g - a +0 dagger of electrocution (weapon)
 u - a +2 whip of venom
Missiles
 M - a throwing net (quivered)
Armour
 a - a +0 robe (worn)
 p - a +0 cloak (worn)
 r - a +0 helmet (worn)
 B - a +0 pair of boots (worn)
Jewellery
 e - an uncursed ring of magical power
 f - an uncursed ring of sustain abilities
 m - a ring of protection from cold (right hand)
 o - an amulet of warding (around neck)
 q - a cursed ring of loudness {unknown}
 z - a ring of invisibility (left hand)
Magical devices
 y - a wand of slowing (14)
 A - a wand of paralysis (5)
Scrolls
 i - 2 scrolls of teleportation
 n - 3 scrolls of remove curse
 w - 2 scrolls of recharging
 G - a scroll of fog
 I - a scroll of amnesia
Potions
 d - a potion of cancellation
 j - 4 potions of curing
 k - 6 potions of might
 l - 2 potions of agility
 s - 3 potions of magic
 v - a potion of brilliance
 x - 2 potions of flight {unknown}
 D - 2 potions of invisibility {unknown}
 E - 2 potions of resistance {unknown}
 H - a potion of haste
 K - a potion of poison {unknown}
Books
 b - a book of Necromancy

   Spells                             Type                      Level
   a - Pain                           Necromancy                   1
   b - Animate Skeleton               Necromancy                   1
   c - Vampiric Draining              Necromancy                   3
   d - Regeneration                   Charms/Necromancy            3
   e - Animate Dead                   Necromancy                   4
   f - Control Undead                 Necromancy                   4
 N - a book of Changes

   Spells                             Type                      Level
   a - Beastly Appendage              Transmutation                1
   b - Sticks to Snakes               Transmutation                2
   c - Spider Form                    Transmutation/Poison         3
   d - Ice Form                       Ice/Transmutation            4
   e - Blade Hands                    Transmutation                5
Comestibles
 c - 7 bread rations
 h - 5 meat rations
 t - a royal jelly
 C - a slice of pizza
 J - 2 fruits
 L - 7 beef jerkies


   Skills:
 * Level 6.9 Fighting
 * Level 6.1 Short Blades
 - Level 4.0 Dodging
 - Level 6.0 Stealth
 - Level 4.0 Spellcasting
 - Level 4.0 Necromancy
 - Level 4.0 Invocations
 * Level 2.7 Evocations


You had 9 spell levels left.
You knew the following spells:

 Your Spells              Type           Power        Failure   Level  Hunger
a - Pain                  Necr           ###.         2%          1    None
b - Vampiric Draining     Necr           ###.......   10%         3    ###....
c - Regeneration          Chrm/Necr      ##........   21%         3    ###....


Dungeon Overview and Level Annotations

Branches:
Dungeon (8/15)             Temple (1/1) D:5
   Lair: D:8-11

Altars:
Cheibriados
Dithmenos
Elyvilon
Gozag
Kikubaaqudgha
Makhleb
Qazlal
Ru
Sif Muna
Vehumet
Yredelemnul
Zin
The Shining One


Innate Abilities, Weirdness & Mutations

You have razor-sharp teeth.
You heal very quickly.
You are covered in fur (AC +1).
When hurt, damage is shared between your health and your magic reserves.
Your bite disrupts and absorbs the magic of your enemies.
Potions and wands cannot restore your health.
You are immune to rotting.


Message History

The killer bee stings you!
* * * LOW HITPOINT WARNING * * *
You miss the killer bee.
You bite the killer bee, but do no damage.
The killer bee is lightly wounded.
You feel sick. The killer bee stings you!
* * * LOW HITPOINT WARNING * * *
You miss the killer bee.
The killer bee is lightly wounded.
You feel sick.
Drink which item? (? for menu, Esc to quit)
Okay, then.
Read which item? (? for menu, Esc to quit)
As you read the scroll of teleportation, it crumbles to dust.
You feel strangely unstable.
You feel sick. The killer bee barely misses you.
The killer bee closely misses you.
You barely miss the killer bee. Your bite misses the killer bee.
The killer bee is lightly wounded.
You feel sick. The killer bee stings you.
You die...

#.. #.####...## .....
#.####.#.#
.P.P.#######..#...#.#
..._........##.#.#.#.#
...P.P.......##...#.#.#
............###......#
###.####.#.)).#....###
#...)..####)#....#.#
####@### #........#
############y#
####...#.#
#.........yyy#####
##..#.#
#.........WyZ....# ..#
#....................[
..#
#................####
#>. #...........#####..
## #../...?....# ##
#...........#


You could see a hungry ghost, 4 killer bees and a worker ant zombie.

Vanquished Creatures
  Grinder (D:4)
  A hippogriff (D:7)
  2 water moccasins
  An orc warrior (D:6)
  Purgy (Sewer)
  2 sky beasts
  A centaur (D:5)
  4 ogres
  2 giant frogs (D:7)
  A big kobold (D:8)
  A gnoll sergeant (D:4)
  2 scorpions
  3 hounds
  2 giant frog skeletons
  4 crimson imps
  7 orc priests
  Crazy Yiuf (D:2)
  Ijyb (D:2)
  A gnoll shaman (D:6)
  Jessica (D:2)
  2 centaur skeletons
  5 worker ants
  Natasha (thrice) (D:2)
  6 orc wizards
  A killer bee zombie (D:5)
  7 adders
  21 gnolls
  3 shadow imps (D:7)
  2 oozes
  An adder zombie (D:6)
  An adder skeleton (D:7)
  3 worms (D:2)
  24 orcs
  6 ball pythons
  A bat skeleton (D:4)
  4 giant cockroaches
  16 goblins
  14 hobgoblins
  21 kobolds
  3 quokkas
  15 bats
  4 giant geckos
  7 giant newts
  2 jackals (D:1)
  A quokka zombie (D:6)
  9 rats
221 creatures vanquished.

Notes
Turn   | Place    | Note
--------------------------------------------------------------
     0 | D:1      | inmateoo, the Vine Stalker Necromancer, began the quest for the Orb.
     0 | D:1      | Reached XP level 1. HP: 9/9 MP: 4/4
   159 | D:1      | Reached XP level 2. HP: 14/14 MP: 6/6
   164 | D:1      | Reached skill level 1 in Fighting
   610 | D:1      | Reached XP level 3. HP: 9/18 MP: 7/7
   617 | D:1      | Learned a level 3 spell: Vampiric Draining
   621 | D:1      | Learned a level 3 spell: Regeneration
  1084 | D:2      | Reached skill level 1 in Short Blades
  1085 | D:2      | Reached XP level 4. HP: 21/23 MP: 8/9
  1205 | D:2      | Noticed Ijyb
  1231 | D:2      | Killed Ijyb
  1259 | D:2      | Reached XP level 5. HP: 19/26 MP: 10/10
  1368 | D:2      | Noticed Natasha
  1379 | D:2      | Killed Natasha
  1492 | D:2      | Noticed Natasha
  1498 | D:2      | Killed Natasha
  1686 | D:2      | Noticed Jessica
  1698 | D:2      | Killed Jessica
  1726 | D:2      | Noticed Natasha
  1732 | D:2      | Killed Natasha
  1739 | D:2      | Noticed Crazy Yiuf
  1745 | D:2      | Killed Crazy Yiuf
  2043 | D:3      | Gained mutation: You heal very quickly. [Vine Stalker growth]
  2043 | D:3      | Reached XP level 6. HP: 32/32 MP: 11/11
  2975 | D:4      | Noticed Grinder
  2994 | D:4      | Killed Grinder
  2994 | D:4      | Reached XP level 7. HP: 35/37 MP: 13/13
  3009 | D:4      | Found a glowing drain.
  3034 | Sewer    | Entered a sewer
  3078 | Sewer    | Noticed Purgy
  3092 | Sewer    | Killed Purgy
  3373 | D:4      | Found a sacrificial altar of Ru.
  3373 | D:4      | Found a glowing golden altar of the Shining One.
  3632 | D:5      | Entered Level 5 of the Dungeon
  3685 | D:5      | Found a staircase to the Ecumenical Temple.
  3720 | D:4      | Gained mutation: You have razor-sharp teeth. [Vine Stalker growth]
  3720 | D:4      | Reached XP level 8. HP: 21/42 MP: 6/14
  3755 | Temple   | Entered the Ecumenical Temple
  3768 | Temple   | Became a worshipper of Makhleb the Destroyer
  3983 | D:5      | Reached skill level 5 in Stealth
  3983 | D:5      | Reached skill level 1 in Invocations
  4007 | D:5      | Reached skill level 5 in Fighting
  4015 | D:5      | Acquired Makhleb's first power
  4438 | D:6      | Found a deep blue altar of Sif Muna.
  4578 | D:6      | Reached XP level 9. HP: 48/48 MP: 13/16
  4719 | D:6      | Acquired Makhleb's second power
  4795 | D:6      | Reached skill level 5 in Short Blades
  4911 | D:6      | Reached skill level 6 in Fighting
  5252 | D:7      | Acquired Makhleb's third power
  5288 | D:7      | Found a glowing silver altar of Zin.
  5288 | D:7      | Found a white marble altar of Elyvilon.
  5289 | D:7      | Reached skill level 1 in Evocations
  5540 | D:8      | Found a glowing golden altar of the Shining One.
  5587 | D:8      | Found a basalt altar of Yredelemnul.
  5647 | D:8      | Slain by a killer bee

Action                   |  1- 3 |  4- 6 |  7- 9 || total
-------------------------+-------+-------+-------++-------
Melee: Mace              |    31 |       |       ||    31
       Unarmed           |     1 |       |       ||     1
       Dagger            |    33 |   237 |   429 ||   699
       Whip              |       |       |    14 ||    14
 Cast: Pain              |    35 |     1 |       ||    36
       Regeneration      |     2 |     1 |     6 ||     9
 Abil: Evoke Invisibilit |       |       |     4 ||     4
  Use: Scroll            |     3 |     7 |     7 ||    17
       Potion            |       |     2 |     1 ||     3
 Stab: Sleeping          |     1 |     3 |     8 ||    12
       Invisible         |       |       |     9 ||     9
  Eat: Chunk             |       |     7 |     8 ||    15
       Bread ration      |       |       |     1 ||     1
